 Dungeon Sprint DCSS version 0.28-a0-297-g99b01970c5 (webtiles) character file.

Game seed: 6767160341596525275

128 Conn the Arsonist (level 8, -6/50 HPs)
             Began as an Octopode Fire Elementalist on Aug 29, 2021.
             Was an Elder of Sif Muna.
             Mangled by a killer bee (7 damage)
             ... in the Dungeon (Sprint VI: "Thunderdome").
             The game lasted 00:10:32 (476 turns).

Conn the Arsonist (Octopode Fire Elementalist)       Turns: 476, Time: 00:10:32

Health: -6/50      AC:  1    Str: 14    XL:     8   Next: 4%
Magic:  15/19      EV: 17    Int: 26    God:    Sif Muna [****..]
Gold:   130        SH:  0    Dex: 21    Spells: 6/22 levels left

rFire   + + .      SeeInvis .   o - +0 rapier
rCold   + + .      Faith    .   (no shield)
rNeg    + . .      Spirit   .   (helmet restricted)
rPois   .          Reflect  .   m - amulet "Niadet" {RegenMP Drain Fly rC++ Stlth+}
rElec   +          Harm     .   k - ring of Zacawiu {rF+ Int+6 Slay+2}
rCorr   .          Rampage  .   l - ring "Kerouts" {Will+ Str+4}
Will    +....      NoTele   +   n - ring "Nometzox" {rF+ Str+3 Dex+4 Slay-5}
Stlth   ++++++....              e - ring of Xetiell {Fly Dex+5}
HPRegen 0.16/turn               p - ring of the Scavenger {rElec rN+}
MPRegen 0.41/turn               (no ring)
                                (no ring)
                                (no ring)

@: lethally poisoned (-6 -> -14), flying
A: almost no armour, amphibious, 8 rings, camouflage 1, gelatinous body 1,
(nimble swimmer 1), tentacles
a: Renounce Religion, Channel Magic, Forget Spell, Divine Exegesis


You were in the Dungeon.
You worshipped Sif Muna.
Sif Muna was greatly pleased with you.
You visited 1 branch You collected 400 gold pieces.
You spent 270 gold pieces at shops.

Inventory:

Hand Weapons
 o - a +0 rapier (weapon)
Armour
 j - a +0 buckler
Jewellery
 e - the ring of Xetiell (on tentacle) {Fly Dex+5}
   (You bought it in a shop in the Dungeon)

   [ring of flight]

   Dex:       It affects your dexterity (+5).
   Fly:       It grants you flight.
 k - the ring of Zacawiu (left tentacle) {rF+ Int+6 Slay+2}
   (You bought it in a shop in the Dungeon)

   [ring of intelligence]

   Int:       It affects your intelligence (+6).
   Slay:      It affects your accuracy & damage with ranged weapons and melee
   (+2).
   rF:        It protects you from fire.
 l - the ring "Kerouts" (right tentacle) {Will+ Str+4}
   (You bought it in a shop in the Dungeon)

   [ring of willpower]

   Str:       It affects your strength (+4).
   Will:      It increases your willpower.
 m - the amulet "Niadet" (around mantle) {RegenMP Drain Fly rC++ Stlth+}
   (You bought it in a shop in the Dungeon)

   [amulet of magic regeneration]

   It increases your rate of magic regeneration.
   rC:        It greatly protects you from cold.
   Fly:       It grants you flight.
   Drain:     It drains your maximum health when unequipped.
   Stlth:     It makes you more stealthy.
 n - the ring "Nometzox" (on tentacle) {rF+ Str+3 Dex+4 Slay-5}
   (You bought it in a shop in the Dungeon)

   [ring of protection from fire]

   Str:       It affects your strength (+3).
   Dex:       It affects your dexterity (+4).
   Slay:      It affects your accuracy & damage with ranged weapons and melee
   (-5).
   rF:        It protects you from fire.
 p - the ring of the Scavenger (on tentacle) {rElec rN+}
   (You bought it in a shop in the Dungeon)

   [ring of positive energy]

   rElec:     It insulates you from electricity.
   rN:        It protects you from negative energy.
Wands
 g - a wand of acid (3)
 h - a wand of iceblast (3)
Scrolls
 f - 4 scrolls of blinking
 i - 3 scrolls of fog
Potions
 b - a potion of heal wounds
 c - 4 potions of haste
 d - 2 potions of magic


   Skills:
 + Level 2.0 Fighting
 + Level 1.5 Short Blades
 + Level 6.1 Dodging
 + Level 7.2 Stealth
 + Level 7.6 Spellcasting
 + Level 4.5 Conjurations
 + Level 0.4 Hexes
 + Level 11.6 Fire Magic
 * Level 1.8 Invocations
 + Level 2.1 Evocations


You had 6 spell levels left.
You knew the following spells:

 Your Spells              Type           Power      Damage    Failure   Level
a - Foxfire               Conj/Fire      100%       2x1d9     1%          1
b - Conjure Flame         Conj/Fire      51%        6-21      1%          3
c - Inner Flame           Hex/Fire       41%        N/A       1%          3
d - Sticky Flame          Conj/Fire      51%        2d7       1%          4
e - Fireball              Conj/Fire      25%        3d11      6%          5

Your spell library contained the following spells:

 Spells                   Type           Power      Damage    Failure   Level


Dungeon Overview and Level Annotations

Branches:
Dungeon (1/1)

Altars:
Cheibriados
Dithmenos
Fedhas
Gozag
Kikubaaqudgha
Makhleb
Okawaru
Qazlal
Ru
Sif Muna
Trog
Uskayaw
Vehumet
Wu Jian
Xom
Yredelemnul
Zin
The Shining One
Beogh
Jiyva
Lugonu

Shops:
D *[??*?*:[((!!!!


Innate Abilities, Weirdness & Mutations

You cannot wear most types of armour.
You are amphibious.
You can wear up to eight rings at the same time.
Your skin changes colour to match your surroundings (Stealth+).
Your rubbery body absorbs attacks. (AC +1, EV +1)
((You are camouflaged near water. (Stealth+)))
You have tentacles for arms and can constrict up to eight enemies at once.


Message History

Unknown command.
Casting: Foxfire (safe; 1% risk of failure)
Confirm with . or Enter, or press ? or * to list all spells.
You conjure some foxfire!
You feel sick. The killer bee stings you. The killer bee misses you.
The killer bee barely misses you. x2
The killer bee completely misses you. The killer bee barely misses you.
Unknown command.
You feel sick.
The foxfire hits the killer bee.
The killer bee is moderately wounded.
The foxfire hits the killer bee but does no damage.
The killer bee is almost dead.
The killer bee stings you. The killer bee misses you.
The killer bee stings you.
Unknown command.
Casting: Foxfire (safe; 1% risk of failure)
Confirm with . or Enter, or press ? or * to list all spells.
You conjure some foxfire!
You feel sick. The killer bee closely misses you. The killer bee stings you!
The killer bee closely misses you. The killer bee barely misses you.
The killer bee misses you. x2
Unknown command.
You feel sick.
The foxfire hits the killer bee.
The killer bee is heavily wounded.
The foxfire hits the killer bee but does no damage.
The killer bee is heavily wounded.
The killer bee stings you.
* * * LOW HITPOINT WARNING * * *
The killer bee stings you.
* * * LOW HITPOINT WARNING * * *
The killer bee misses you.
You feel better. The killer bee stings you.
* * * LOW HITPOINT WARNING * * *
The killer bee stings you!
* * * LOW HITPOINT WARNING * * *
You are lethally poisoned!
The killer bee poisons you! The killer bee stings you.
* * * LOW HITPOINT WARNING * * *
The killer bee completely misses you. The killer bee stings you.
* * * LOW HITPOINT WARNING * * *
The killer bee stings you!
You die...

##### ##⌠⌠⌠## #.....#
##.§.@.## ##∩..yyy∩##
#∩.......∩# #_......._#
#_........# #_......._#
###.........###
#⌠...........⌠#
######.8.........8.######


You could see 3 killer bees.

Vanquished Creatures
  Grinder (D)
  Eustachio (D)
  Purgy (D)
  3 wolves (D)
  2 gnoll sergeants (D)
  A hound (D)
  An iron imp (D)
  A river rat (D)
  2 white imps (D)
  An ufetubus (D)
  A quokka (D)
  A rat (D)
16 creatures vanquished.

Vanquished Creatures (others)
  56 foxfires (D)
56 creatures vanquished.

Grand Total: 72 creatures vanquished

Notes
Turn   | Place    | Note
-------+----------+-------------------------------------------
     0 | D        | Conn the Octopode Fire Elementalist began the quest for the
                  | Orb.
     0 | D        | Reached XP level 1. HP: 11/11 MP: 3/3
     1 | D        | Found a radiant altar of Vehumet.
     2 | D        | Found a glowing silver altar of Zin.
     2 | D        | Found a hide-covered altar of Uskayaw.
     3 | D        | Found a stormy altar of Qazlal.
     3 | D        | Found a shadowy altar of Dithmenos.
     4 | D        | Found an iron altar of Okawaru.
     4 | D        | Found a burning altar of Makhleb.
     4 | D        | Found Foteuloc's Identification Station.
     5 | D        | Found Umecu's Jewellery.
     5 | D        | Found Vasm's Advanced Armour.
     5 | D        | Round 1.
     9 | D        | Found a blossoming altar of Fedhas.
    20 | D        | Bought a steaming turquoise ring for 45 gold pieces
    20 | D        | Identified the ring of Zacawiu {rF+ Int+6 Slay+2} (You
                  | bought it in a shop in the Dungeon)
    20 | D        | Bought a wavering golden ring for 45 gold pieces
    20 | D        | Identified the ring "Kerouts" {Will+ Str+4} (You bought it
                  | in a shop in the Dungeon)
    20 | D        | Bought an ancient ivory amulet for 45 gold pieces
    20 | D        | Identified the amulet "Niadet" {RegenMP Drain Fly rC++
                  | Stlth+} (You bought it in a shop in the Dungeon)
    20 | D        | Bought a transparent wooden ring for 45 gold pieces
    20 | D        | Identified the ring "Nometzox" {rF+ Str+3 Dex+4 Slay-5}
                  | (You bought it in a shop in the Dungeon)
    34 | D        | Found an ornate altar of the Wu Jian Council.
    35 | D        | Found a corrupted altar of Lugonu.
    36 | D        | Found a basalt altar of Yredelemnul.
    36 | D        | Found a shimmering blue altar of Sif Muna.
    36 | D        | Found an opulent altar of Gozag.
    36 | D        | Found Taukhisch's Premium Goods.
    36 | D        | Found Guppo's Weapon Rack.
    37 | D        | Found Cemiufikhle's Miscellaneous Merchandise.
    37 | D        | Found Plog's Basic Armour.
    44 | D        | Became a worshipper of Sif Muna the Loreminder
    47 | D        | Found a viscous altar of Jiyva.
    47 | D        | Found a shimmering altar of Xom.
    49 | D        | Found Roigowno's Do-It-Yourself Clinic.
    50 | D        | Found Owyz's Bottled Wisdom.
    50 | D        | Found Meaduaff's Distillery.
    50 | D        | Found a bloodstained altar of Trog.
    50 | D        | Found a snail-covered altar of Cheibriados.
    50 | D        | Found Wifas's Distillery.
    52 | D        | Noticed Eustachio
    66 | D        | Killed Eustachio
    67 | D        | Reached skill level 7 in Fire Magic
    67 | D        | Reached XP level 2. HP: 17/17 MP: 1/7
    67 | D        | Reached XP level 3. HP: 21/21 MP: 1/9
    67 | D        | Reached XP level 4. HP: 27/27 MP: 1/10
    67 | D        | Reached XP level 5. HP: 31/31 MP: 1/11
    72 | D        | Reached skill level 5 in Stealth
    72 | D        | Reached skill level 8 in Fire Magic
    72 | D        | Found an ancient bone altar of Kikubaaqudgha.
    79 | D        | Reached * piety under Sif Muna
    83 | D        | Found a glowing golden altar of the Shining One.
    84 | D        | Found Anginaev's Staff Store.
    85 | D        | Found Ehazug's Must-Have Magic.
    85 | D        | Found Pearch Uziva's Magic Scroll Shop.
    86 | D        | Found a sacrificial altar of Ru.
    86 | D        | Found Wesouhaf's Magic Scroll Shop.
   115 | D        | Reached skill level 5 in Spellcasting
   140 | D        | Noticed Grinder
   151 | D        | Killed Grinder
   151 | D        | Reached ** piety under Sif Muna
   151 | D        | Arena points: 14 (+14) [x2]
   152 | D        | Reached skill level 5 in Dodging
   152 | D        | Reached skill level 10 in Fire Magic
   152 | D        | Reached skill level 1 in Evocations
   152 | D        | Reached XP level 6. HP: 28/37 MP: 13/15
   161 | D        | Learned a level 3 spell: Conjure Flame
   165 | D        | Learned a level 3 spell: Inner Flame
   170 | D        | Learned a level 4 spell: Sticky Flame
   174 | D        | Round 2.
   176 | D        | Learned a level 5 spell: Fireball
   180 | D        | Noticed Purgy
   217 | D        | Killed Purgy
   217 | D        | Reached *** piety under Sif Muna
   218 | D        | Reached skill level 1 in Fighting
   218 | D        | Reached XP level 7. HP: 33/43 MP: 12/16
   225 | D        | Arena points: 44 (+30) [x3]
   237 | D        | Bought a shimmering brass ring for 45 gold pieces
   237 | D        | Identified the ring of Xetiell {Fly Dex+5} (You bought it
                  | in a shop in the Dungeon)
   237 | D        | Bought a serpentine steel ring for 45 gold pieces
   237 | D        | Identified the ring of the Scavenger {rElec rN+} (You
                  | bought it in a shop in the Dungeon)
   241 | D        | Round 3.
   269 | D        | Reached skill level 11 in Fire Magic
   315 | D        | Reached skill level 1 in Short Blades
   321 | D        | Reached **** piety under Sif Muna
   330 | D        | Reached skill level 1 in Invocations
   366 | D        | Arena points: 128 (+84) [x4]
   367 | D        | Reached XP level 8. HP: 33/50 MP: 9/19
   438 | D        | Round 4.
   476 | D        | HP: 1/50 [killer bee (4)]
   476 | D        | Mangled by a killer bee

Illustrated notes

Levels and vault maps discovered:
D:        arena_sprint

Skill      XL: |  1  2  3  4  5  6  7 |
---------------+----------------------+-----
Dodging        | 3 5 6 |  6.1
Stealth        | 4 6 7 |  7.2
Spellcasting   | 4 6 7 |  7.6
Fire Magic     | 7 10 11 | 11.6
Conjurations   | 3 4 |  4.5
Evocations     | 1 2 |  2.1
Fighting       | 1 2 |  2.0
Short Blades   | 1 |  1.5
Invocations    | 1 |  1.8
Hexes          | |  0.4

Action                   |  1- 3 |  4- 6 |  7- 9 || total
-------------------------+-------+-------+-------++-------
Melee: Rapier            |       |     8 |    10 ||    18
       Constrict         |       |     3 |     3 ||     6
       Tentacles         |       |       |     2 ||     2
 Cast: Foxfire           |     6 |     8 |    19 ||    33
       Sticky Flame      |       |     1 |     3 ||     4
       Inner Flame       |       |     1 |     3 ||     4
       Fireball          |       |       |     2 ||     2
Invok: Channel Magic     |       |       |     1 ||     1
Evoke: Wand              |     1 |     3 |       ||     4
  Use: Potion            |       |     2 |     4 ||     6
Armor: Skin              |       |       |     1 ||     1
Dodge: Dodged            |       |     2 |    42 ||    44

Table legend: (Time is in decaauts)
 A = Elapsed time spent in this place.
 B = Non-inter-level travel time spent in this place.
 C = Inter-level travel time spent in this place.
 D = Time resting spent in this place.
 E = Time spent auto-exploring this place.
 F = Levels seen in this place.
 G = Mean time per level.
                   A        B        C        D        E       F      G
               +--------+--------+--------+--------+--------+-----+--------+
         Total |    485 |    485 |      0 |     11 |      0 |   1 |  485.0 |
       Dungeon |    485 |    485 |      0 |     11 |      0 |   1 |  485.0 |
               +--------+--------+--------+--------+--------+-----+--------+

Top non-repeatable levels by time:
       D: 485 daAuts
